3061 views
Uploaded 2020-04-09 17:26:33
Game version 1.32.3
13:01 long 1on1 custom game on (2)TerenasStand_LV
Game name "never2"
Saved by Dziango
3061 views
Uploaded 2020-04-09 17:26:33
Game version 1.32.3
13:01 long 1on1 custom game on (2)TerenasStand_LV
Game name "never2"
14 units @ 2.3k
/ 0.3k
10 buildings @ 1.6k
/ 0.5k



| Rod of Necromancy | 4 | 600 |
| Orb of Corruption | 1 | 375 |
| Scroll of Town Portal | 1 | 350 |
| Potion of Lesser Invulnerability | 1 | 150 |
| total: | 7 | 1475g |
| Acolyte | 3 | 225 | / | 0 |
| Ghoul | 3 | 360 | / | 0 |
| Crypt Fiend | 6 | 1290 | / | 240 |
| Obsidian Statue | 2 | 400 | / | 70 |
| total: | 14 | 2275g | / | 310w |
| Nerubian Tower | 1 | 100 | / | 20 |
| Altar of Darkness | 1 | 180 | / | 50 |
| Ziggurat | 5 | 750 | / | 250 |
| Crypt | 1 | 200 | / | 50 |
| Tomb of Relics | 1 | 130 | / | 30 |
| Graveyard | 1 | 215 | / | 0 |
| Slaughterhouse | 1 | 140 | / | 135 |
| Halls of the Dead | 1 | 320 | / | 210 |
| Black Citadel | 1 | 325 | / | 230 |
| total: | 10 | 1615g | / | 515w |
| 0:03 | Acolyte |
| 0:08 | Altar of Darkness |
| 0:09 | Ziggurat |
| 0:14 | Acolyte |
| 0:35 | Crypt |
| 0:46 | Acolyte |
| 1:03 | Tomb of Relics |
| 1:29 | Graveyard |
| 1:36 | Ghoul |
| 1:50 | Ziggurat |
| 2:08 | Rod of Necromancy |
| 2:11 | Ghoul |
| 2:15 | Death Coil |
| 2:23 | Nerubian Tower |
| 2:33 | Ghoul |
| 3:11 | Halls of the Dead |
| 3:27 | Crypt Fiend |
| 3:52 | Crypt Fiend |
| 4:41 | Unholy Aura |
| 4:44 | Crypt Fiend |
| 4:46 | Ziggurat |
| 5:04 | Rod of Necromancy |
| 5:08 | Creature Attack |
| 5:18 | Crypt Fiend |
| 6:01 | Black Citadel |
| 6:06 | Death Coil |
| 6:28 | Slaughterhouse |
| 6:34 | Frost Nova |
| 6:40 | Rod of Necromancy |
| 6:46 | Ziggurat |
| 7:12 | Crypt Fiend |
| 7:24 | Burrow |
| 7:41 | Obsidian Statue |
| 8:40 | Orb of Corruption |
| 9:07 | Black Arrow |
| 9:13 | Obsidian Statue |
| 10:37 | Unholy Aura |
| 10:44 | Dark Ritual |
| 10:46 | Scroll of Town Portal |
| 10:51 | Rod of Necromancy |
| 11:04 | Potion of Lesser Invulnerability |
| 11:12 | Ziggurat |
| 11:17 | Cannibalize |
| 11:21 | Ghoul Frenzy |
| 12:05 | Destroyer Form |
| 12:33 | Silence |
| 12:54 | Crypt Fiend |
29 units @ 3.6k
/ 0.3k
14 buildings @ 2.3k
/ 0.7k


| Rod of Necromancy | 2 | 300 |
| Scroll of Healing | 1 | 250 |
| Potion of Lesser Invulnerability | 1 | 150 |
| total: | 4 | 700g |
| Acolyte | 12 | 900 | / | 0 |
| Ghoul | 10 | 1200 | / | 0 |
| Crypt Fiend | 4 | 860 | / | 160 |
| Obsidian Statue | 2 | 400 | / | 70 |
| Abomination | 1 | 240 | / | 70 |
| total: | 29 | 3600g | / | 300w |
| Altar of Darkness | 1 | 180 | / | 50 |
| Crypt | 2 | 400 | / | 100 |
| Ziggurat | 7 | 1050 | / | 350 |
| Tomb of Relics | 1 | 130 | / | 30 |
| Graveyard | 1 | 215 | / | 0 |
| Necropolis | 1 | 225 | / | 0 |
| Slaughterhouse | 1 | 140 | / | 135 |
| Halls of the Dead | 1 | 320 | / | 210 |
| Black Citadel | 1 | 325 | / | 230 |
| total: | 14 | 2340g | / | 665w |
| 0:01 | Acolyte |
| 0:07 | Altar of Darkness |
| 0:08 | Crypt |
| 0:13 | Acolyte |
| 0:23 | Ziggurat |
| 0:35 | Acolyte |
| 0:49 | Acolyte |
| 1:06 | Tomb of Relics |
| 1:10 | Ghoul |
| 1:21 | Ghoul |
| 1:36 | Ziggurat |
| 1:47 | Ghoul |
| 2:12 | Rod of Necromancy |
| 2:19 | Frost Nova |
| 2:29 | Graveyard |
| 2:41 | Ghoul |
| 2:57 | Ghoul |
| 3:19 | Halls of the Dead |
| 3:31 | Ghoul |
| 3:57 | Ghoul |
| 4:17 | Dark Ritual |
| 4:38 | Ghoul |
| 4:41 | Rod of Necromancy |
| 4:47 | Ghoul |
| 4:51 | Ziggurat |
| 5:41 | Frost Nova |
| 5:48 | Acolyte |
| 6:00 | Slaughterhouse |
| 6:03 | Ziggurat |
| 6:48 | Death Coil |
| 6:55 | Crypt Fiend |
| 7:04 | Black Citadel |
| 7:33 | Necropolis |
| 7:36 | Ghoul |
| 7:59 | Obsidian Statue |
| 8:28 | Obsidian Statue |
| 8:36 | Ziggurat |
| 8:51 | Ziggurat |
| 9:14 | Acolyte |
| 9:15 | Acolyte |
| 9:26 | Crypt |
| 9:27 | Ghoul Frenzy |
| 9:53 | Abomination |
| 9:55 | Unholy Aura |
| 10:03 | Acolyte |
| 10:30 | Crypt Fiend |
| 10:31 | Acolyte |
| 10:54 | Ziggurat |
| 10:55 | Acolyte |
| 11:04 | Web |
| 11:13 | Acolyte |
| 11:13 | Acolyte |
| 11:24 | Frost Armor |
| 11:29 | Crypt Fiend |
| 11:56 | Potion of Lesser Invulnerability |
| 11:57 | Scroll of Healing |
| 12:07 | Crypt Fiend |